 Dungeon Crawl Stone Soup version 0.21.1-1-g345015f (webtiles) character file.

394 inc the Charmwright (level 6, 30/30 HPs)
             Began as a Felid Ice Elementalist on Mar 3, 2018.
             Was an Initiate of Vehumet.
             Quit the game on level 6 of the Dungeon.
             The game lasted 00:22:29 (8821 turns).

inc the Charmwright (Felid Ice Elementalist)        Turns: 8821, Time: 00:22:29

Health: 30/30      AC:  2    Str:  2    XL:     6   Next: 51%
Magic:  10/10      EV: 18    Int: 14    God:    Vehumet [......]
Gold:   278        SH:  0    Dex: 17    Spells: 0/9 levels left
                                        Lives:  0   Deaths: 2

rFire    . . .     SeeInvis +   (weapon unavailable)
rCold    . . .     Gourm    .   (shield unavailable)
rNeg     . . .     Faith    .   (armour unavailable)
rPois    .         Spirit   .   (helmet unavailable)
rElec    .         Reflect  .   (cloak unavailable)
rCorr    .         Harm     .   (gloves unavailable)
MR       .....                  (boots unavailable)
Stlth    +++.......             (no amulet)
HPRegen  0.10/turn              u - -2 ring of strength (curse)
MPRegen  0.12/turn              i - -4 ring of intelligence (curse)

@: quick
A: very small, no armour, no weapons or thrown items, stealth, claws 1, fangs 3,
see invisible, carnivore, speed 1, shaggy fur 2, slow metabolism 1, sharp paws
a: Renounce Religion


You were on level 6 of the Dungeon.
You worshipped Vehumet.
Vehumet was noncommittal.
You were not hungry.

You visited 2 branches of the dungeon, and saw 8 of its levels.

You collected 278 gold pieces.

Inventory:

Jewellery
 g - an uncursed ring of wizardry
 i - a cursed -4 ring of intelligence (right paw)
 u - a cursed -2 ring of strength (left paw)
Wands
 r - a wand of digging (27)
 s - a wand of iceblast (11)
 x - a wand of paralysis (13)
 C - a wand of flame (19)
Scrolls
 c - 8 scrolls of identify
 e - 2 scrolls of amnesia
 j - a scroll of fear
 q - 2 scrolls of fog
 t - a scroll of immolation
 w - 2 scrolls of teleportation
 y - a scroll of magic mapping
Potions
 d - 2 potions of lignification
 f - 6 potions of curing
 h - a potion of cancellation
 l - a potion of degeneration
 o - a potion of haste
 p - a potion of brilliance
 z - a potion of agility {unknown}
 A - 2 potions of heal wounds
 B - a potion of flight {unknown}
Books
 a - a book of Frost

   Spells                             Type                      Level
   a - Freeze                         Ice                          1
   b - Throw Frost                    Conjuration/Ice              2
   c - Ozocubu's Armour               Charms/Ice                   3
   d - Throw Icicle                   Conjuration/Ice              4
   e - Summon Ice Beast               Ice/Summoning                4
 k - a book of Cantrips

   Spells                             Type                      Level
   a - Confusing Touch                Hexes                        1
   b - Animate Skeleton               Necromancy                   1
   c - Summon Small Mammal            Summoning                    1
   d - Apportation                    Translocation                1
 m - a book of Changes

   Spells                             Type                      Level
   a - Beastly Appendage              Transmutation                1
   b - Sticks to Snakes               Transmutation                2
   c - Spider Form                    Transmutation/Poison         3
   d - Ice Form                       Ice/Transmutation            4
   e - Blade Hands                    Transmutation                5
 n - a book of Minor Magic

   Spells                             Type                      Level
   a - Magic Dart                     Conjuration                  1
   b - Blink                          Translocation                2
   c - Call Imp                       Summoning                    2
   d - Slow                           Hexes                        2
   e - Conjure Flame                  Conjuration/Fire             3
   f - Mephitic Cloud                 Conjuration/Poison/Air       3
 v - a book of Air

   Spells                             Type                      Level
   a - Shock                          Conjuration/Air              1
   b - Swiftness                      Charms/Air                   2
   c - Static Discharge               Conjuration/Air              3
   d - Airstrike                      Air                          4
   e - Lightning Bolt                 Conjuration/Air              5
Comestibles
 b - 9 rations


   Skills:
 - Level 5.1 Fighting
 - Level 2.6 Dodging
 - Level 2.6 Stealth
 - Level 2.0 Spellcasting
 - Level 2.0 Conjurations
 - Level 5.4 Charms
 + Level 4.3 Transmutations
 - Level 4.2 Ice Magic
 - Level 1.5 Air Magic


You couldn't memorise any spells.
You knew the following spells:

 Your Spells              Type           Power        Failure   Level  Hunger
a - Freeze                Ice            ##..         4%          1    ##.....
b - Ozocubu's Armour      Chrm/Ice       ##......     10%         3    ####...
c - Ice Form              Ice/Tmut       ##......     38%         4    #####..
d - Shock                 Conj/Air       #...         12%         1    ##.....


Dungeon Overview and Level Annotations

Branches:
Dungeon (7/15)             Temple (1/1) D:4

Altars:
Ashenzari
Cheibriados
Elyvilon
Fedhas
Gozag
Hepliaklqana
Kikubaaqudgha
Makhleb
Nemelex Xobeh
Okawaru
Qazlal
Ru
Sif Muna
Trog
Uskayaw
Vehumet
Wu Jian
Xom
Yredelemnul
Zin

Annotations:
D:4 Menkaure; Nebukadnezar's ghost, amateur TeMo
D:5 Pikel
D:6 Eustachio


Innate Abilities, Weirdness & Mutations

You cannot wear armour.
You are incapable of wielding weapons or throwing items.
Your paws allow you to move quietly. (Stealth)
You have sharp claws.
You have razor-sharp teeth.
You have supernaturally acute eyesight. (SInv)
You are carnivorous and can eat meat at any time.
You cover ground quickly.
You are covered in thick fur. (AC +2)
You have a slow metabolism.
Your sharp claws are effective at attacking unaware monsters.


Message History

Confirm with . or Enter, or press ? or * to list all spells.
Aiming: Freeze
Press: ? - help, Shift-Dir - straight line, f/p - sky beast
Aim: a sky beast (almost dead, slightly transparent)
You freeze the sky beast.
You kill the sky beast!
Vehumet accepts your kill.
Your Transmutations skill increases to level 4!
The hound zombie closely misses you. The hound zombie closely misses you.
Found a white marble altar of Elyvilon.
The hound zombie completely misses you. The hound zombie bites you.
* * * LOW HITPOINT WARNING * * *
Found 12 poisoned needles.
You see here 12 poisoned needles.
The hound zombie bites you.
You die...
You are now level 6!
You rejoin the land of the living...
Are you sure you want to abandon this character and quit the game? (Confirm with "yes".)

#.#≈..♣..≈## #.....# #.#
#
#).........###.....####.#
#
#...♣._.♣...######....#Y#
#
##..........#######...#.#
#
##≈..♣..≈#...........#.#
###
#≈≈...≈≈##..........#.#
#..
###...####.......#.##.#
#.# ##.#####............#
#.# #......@..........>#
#.)
###########....<.(.#####
#.....[.[[(...
#.......###### #########


There were no monsters in sight!

Vanquished Creatures
  An orc warrior (D:5)
  A sky beast (D:6)
  3 ogres
  2 bullfrogs
  2 crimson imps
  A jelly (D:5)
  A hound (D:4)
  A bullfrog skeleton (D:4)
  Ijyb (D:3)
  2 iguanas
  3 orc wizards
  2 worker ants (D:4)
  3 gnolls (D:6)
  6 adders
  An ooze (D:1)
  A worm (D:2)
  A dart slug (D:3)
  4 leopard geckos
  18 orcs
  9 bats
  3 giant cockroaches
  4 goblins
  5 hobgoblins
  7 jackals
  2 quokkas
  A ball python (D:5)
  5 frilled lizards
  A jackal zombie (D:6)
  5 kobolds
  A quokka skeleton (D:7)
  3 rats
100 creatures vanquished.

Vanquished Creatures (others)
  A quokka (D:6)
1 creature vanquished.

Grand Total: 101 creatures vanquished

Notes
Turn   | Place    | Note
-------+----------+-------------------------------------------
     0 | D:1      | inc the Felid Ice Elementalist began the quest for the Orb.
     0 | D:1      | Reached XP level 1. HP: 7/7 MP: 4/4
   306 | D:1      | Reached XP level 2. HP: 11/12 MP: 4/6
   380 | D:1      | Reached skill level 1 in Fighting
  1693 | D:2      | Reached XP level 3. HP: 14/16 MP: 3/7
  2634 | D:3      | Reached XP level 4. HP: 21/21 MP: 5/8
  3052 | D:3      | Found a snail-covered altar of Cheibriados.
  3478 | D:4      | Noticed Nebukadnezar's ghost (amateur TeMo)
  3638 | D:4      | Reached XP level 5. HP: 20/25 MP: 2/9
  3699 | D:4      | Noticed Menkaure
  3710 | D:5      | Entered Level 5 of the Dungeon
  3842 | D:4      | Reached skill level 5 in Fighting
  4155 | D:4      | Learned a level 3 spell: Ozocubu's Armour
  4196 | D:4      | Noticed Ijyb
  4204 | D:4      | Found a sacrificial altar of Ru.
  4442 | D:4      | Reached skill level 1 in Charms
  4475 | D:4      | Found a staircase to the Ecumenical Temple.
  4602 | D:3      | Killed Ijyb
  4729 | D:4      | Gained mutation: You are covered in thick fur. (AC +2) [Felid growth]
  4729 | D:4      | Reached XP level 6. HP: 17/30 MP: 3/10
  5370 | Temple   | Entered the Ecumenical Temple
  5385 | Temple   | Became a worshipper of Vehumet
  5559 | D:4      | Reached skill level 5 in Charms
  6042 | D:5      | Reached XP level 7. HP: 33/33 MP: 2/11
  6048 | D:5      | Learned a level 4 spell: Ice Form
  6853 | D:5      | Noticed Pikel
  7131 | D:6      | Noticed Eustachio
  7337 | D:6      | Found a basalt altar of Yredelemnul.
  7355 | D:6      | HP: 1/33 [ogre/giant club (10)]
  7371 | D:7      | Found a glowing silver altar of Zin.
  7371 | D:7      | Noticed an angel
  7910 | D:7      | Reached skill level 1 in Transmutations
  7942 | D:7      | Found a shimmering altar of Xom.
  7970 | D:7      | Slain by a killer bee zombie
  7971 | D:7      | Reached XP level 6. HP: -5/30 MP: 7/10
  7990 | D:7      | Learned a level 1 spell: Shock
  8004 | D:7      | Reached skill level 1 in Conjurations
  8195 | D:7      | Reached skill level 1 in Air Magic
  8570 | D:5      | Killed an orc warrior
  8570 | D:5      | Reached XP level 7. HP: 26/33 MP: 0/11
  8809 | D:6      | Found a white marble altar of Elyvilon.
  8820 | D:6      | Slain by a hound zombie
  8821 | D:6      | Reached XP level 6. HP: 0/30 MP: 5/10
  8821 | D:6      | Quit the game

Skill      XL: |  1  2  3  4  5  6  7 |
---------------+----------------------+-----
Ice Magic      | 3 4 |  4.2
Fighting       | 2 3 4 5 |  5.1
Charms         | 3 5 |  5.4
Transmutations | 2 4 |  4.3
Conjurations   | 2 |  2.0
Air Magic      | 1 |  1.5
Dodging        | |  2.6
Stealth        | |  2.6
Spellcasting   | |  2.0

Action                   |  1- 3 |  4- 6 |  7- 9 || total
-------------------------+-------+-------+-------++-------
Melee: Unarmed           |    12 |    37 |    72 ||   121
       Bite              |     1 |     5 |     6 ||    12
 Cast: Freeze            |    62 |   131 |    59 ||   252
       Ozocubu's Armour  |       |    10 |    10 ||    20
       Shock             |       |     8 |       ||     8
  Use: Scroll            |     8 |     7 |     2 ||    17
       Potion            |       |     2 |     2 ||     4
 Stab: Sleeping          |     4 |     9 |     2 ||    15
  Eat: Chunk             |     5 |    15 |     4 ||    24
Armor: Skin              |     9 |    15 |    34 ||    58
Dodge: Dodged            |    85 |   123 |   119 ||   327
